NCAA
OKLAHOMA SOONERS @ FLORIDA STATE SEMINOLES
05/19/2029
 
TOP OF THE 1ST
Oklahoma Sooners batting - Pitching for Florida State Seminoles : LHP Perry Harris
Pitching: LHP Perry Harris
Batting: RHB Matt Snow 0-0: Called Strike
0-1: Ball
1-1: Ball
2-1: Ground out 6-3 (Groundball, 6)
Batting: LHB Mark Smith 0-0: Ball
1-0: Ball
2-0: Ground out 1-3 (Groundball, 13S)
Batting: RHB Bryant Caldwell 0-0: Called Strike
0-1: Ball
1-1: Swinging Strike
1-2: Foul Ball, location: 2F
1-2: Ball
2-2: Strikes out swinging
Top of the 1st over - 0 runs, 0 hits, 0 errors, 0 left on base; Oklahoma 0 - Florida State 0
BOTTOM OF THE 1ST
Florida State Seminoles batting - Pitching for Oklahoma Sooners : RHP José Gabriel
Pitching: RHP José Gabriel
Batting: LHB Connor Moss 0-0: Foul Ball, location: 2F
0-1: Ball
1-1: Foul Ball, location: 2F
1-2: Ball
2-2: Ball
3-2: Foul Ball, location: 2F
3-2: Base on Balls
Batting: RHB Bill Rice 0-0: Foul Ball, location: 2F
0-1: Foul Ball, location: 2F
0-2: Ball
1-2: Strikes out swinging
Batting: LHB Paul Cotton 0-0: Called Strike
0-1: Ball
1-1: Foul Ball, location: 2F
1-2: Fielders Choice at 2nd, 1-4 (Groundball, 15S)
Batting: LHB Jeff Stevens 0-0: Ball
1-0: Called Strike
1-1: Foul Ball, location: 2F
1-2: Ball
2-2: Ball
3-2: Ground out 5-3 (Groundball, 56S)
Bottom of the 1st over - 0 runs, 0 hits, 0 errors, 1 left on base; Oklahoma 0 - Florida State 0
TOP OF THE 2ND
Oklahoma Sooners batting - Pitching for Florida State Seminoles : LHP Perry Harris
Batting: LHB Mark Watson 0-0: Ball
1-0: Fly out, F8 (Line Drive, 8LD)
Batting: RHB Sidney Boyd 0-0: Swinging Strike
0-1: Foul Ball, location: 2F
0-2: Strikes out swinging
Batting: RHB Joe Daybell 0-0: Ball
1-0: Fly out, F7 (Flyball, 7LD)
Top of the 2nd over - 0 runs, 0 hits, 0 errors, 0 left on base; Oklahoma 0 - Florida State 0
BOTTOM OF THE 2ND
Florida State Seminoles batting - Pitching for Oklahoma Sooners : RHP José Gabriel
Batting: LHB Millard Myers 0-0: Ground out 6-3 (Groundball, 6)
Batting: RHB Dave Roberts 0-0: Ball
1-0: Ball
2-0: Ball
3-0: Called Strike
3-1: SINGLE (Flyball, 3D)
Batting: RHB Mark Willis 0-0: Ball
1-0: Called Strike
1-1: Called Strike
1-2: Ball
2-2: Ball
3-2: Grounds into double play, 6-4-3 (Groundball, 6M)
Bottom of the 2nd over - 0 runs, 1 hit, 0 errors, 0 left on base; Oklahoma 0 - Florida State 0
TOP OF THE 3RD
Oklahoma Sooners batting - Pitching for Florida State Seminoles : LHP Perry Harris
Now in LF: Pat Young
Batting: RHB Ambrosio Hernández 0-0: Called Strike
0-1: Swinging Strike
0-2: Strikes out swinging
Batting: RHB Michael Ray 0-0: Swinging Strike
0-1: Ball
1-1: Bunted foul
1-2: Ground out 5-3 (Groundball, 56S)
Batting: RHB Irving MacIntyre 0-0: Ball
1-0: Ball
2-0: Foul Ball, location: 2F
2-1: Foul Ball, location: 2F
2-2: Strikes out swinging
Top of the 3rd over - 0 runs, 0 hits, 0 errors, 0 left on base; Oklahoma 0 - Florida State 0
BOTTOM OF THE 3RD
Florida State Seminoles batting - Pitching for Oklahoma Sooners : RHP José Gabriel
Batting: RHB Harry Ray 0-0: Ground out 4-3 (Groundball, 4)
Batting: RHB Victor Whitfield 0-0: Ball
1-0: SINGLE (Groundball, 6D)
Batting: LHB Connor Moss 0-0: Swinging Strike
0-1: Ball
1-1: 2-RUN HOME RUN (Flyball, 7LD), Distance : 317 ft
Batting: RHB Bill Rice 0-0: DOUBLE (Line Drive, 9D)
Batting: LHB Paul Cotton 0-0: Ball
1-0: Foul Ball, location: 2F
1-1: Called Strike
1-2: Ball
2-2: Ball
3-2: Ground out 3-1 (Groundball, 3D)
Bill Rice to third
Batting: RHB Pat Young 0-0: Ball
1-0: Ball
2-0: Called Strike
2-1: Ball
3-1: Base on Balls
Batting: LHB Millard Myers 0-0: Swinging Strike
0-1: Ball
1-1: Called Strike
1-2: Ball
2-2: Strikes out looking
Bottom of the 3rd over - 2 runs, 3 hits, 0 errors, 2 left on base; Oklahoma 0 - Florida State 2
TOP OF THE 4TH
Oklahoma Sooners batting - Pitching for Florida State Seminoles : LHP Perry Harris
Batting: RHB Matt Snow 0-0: Called Strike
0-1: Ball
1-1: Swinging Strike
1-2: Foul Ball, location: 2F
1-2: Foul Ball, location: 2F
1-2: Foul Ball, location: 2F
1-2: Ball
2-2: Ball
3-2: Strikes out swinging
Batting: LHB Mark Smith 0-0: Foul Ball, location: 2F
0-1: Called Strike
0-2: Ball
1-2: Ball
2-2: Strikes out swinging
Batting: RHB Bryant Caldwell 0-0: Called Strike
0-1: Swinging Strike
0-2: Foul Ball, location: 2F
0-2: Ball
1-2: Foul Ball, location: 2F
1-2: Foul Ball, location: 2F
1-2: Ball
2-2: Strikes out swinging
Top of the 4th over - 0 runs, 0 hits, 0 errors, 0 left on base; Oklahoma 0 - Florida State 2
BOTTOM OF THE 4TH
Florida State Seminoles batting - Pitching for Oklahoma Sooners : RHP José Gabriel
Batting: RHB Dave Roberts 0-0: Called Strike
0-1: Called Strike
0-2: Strikes out looking
Batting: RHB Mark Willis 0-0: Called Strike
0-1: Fly out, F4 (Popup, 4S)
Batting: RHB Harry Ray 0-0: SOLO HOME RUN (Line Drive, 89XD), Distance : 384 ft
Batting: RHB Victor Whitfield 0-0: Ball
1-0: Called Strike
1-1: Swinging Strike
1-2: Ball
2-2: Foul Ball, location: 2F
2-2: SINGLE (Line Drive, 3)
Batting: LHB Connor Moss 0-0: Called Strike
0-1: Called Strike
0-2: Strikes out swinging
Bottom of the 4th over - 1 run, 2 hits, 0 errors, 1 left on base; Oklahoma 0 - Florida State 3
TOP OF THE 5TH
Oklahoma Sooners batting - Pitching for Florida State Seminoles : LHP Perry Harris
Batting: LHB Mark Watson 0-0: Called Strike
0-1: Swinging Strike
0-2: Ball
1-2: Foul Ball, location: 2F
1-2: Foul Ball, location: 2F
1-2: Foul Ball, location: 2F
1-2: Ball
2-2: Strikes out swinging
Batting: RHB Sidney Boyd 0-0: Ball
1-0: Called Strike
1-1: Called Strike
1-2: Foul Ball, location: 2F
1-2: Ball
2-2: Strikes out swinging
Batting: RHB Joe Daybell 0-0: Ball
1-0: Called Strike
1-1: Ball
2-1: Foul Ball, location: 2F
2-2: Foul Ball, location: 2F
2-2: Ball
3-2: Base on Balls
Batting: RHB Ambrosio Hernández 0-0: Ball
1-0: Foul Ball, location: 2F
1-1: Called Strike
1-2: Strikes out swinging
Top of the 5th over - 0 runs, 0 hits, 0 errors, 1 left on base; Oklahoma 0 - Florida State 3
BOTTOM OF THE 5TH
Florida State Seminoles batting - Pitching for Oklahoma Sooners : RHP José Gabriel
Batting: RHB Bill Rice 0-0: Ground out 4-3 (Groundball, 4)
Batting: LHB Paul Cotton 0-0: Foul Ball, location: 2F
0-1: Foul Ball, location: 2F
0-2: Ball
1-2: Fly out, F2 (Popup, 2LF)
Batting: RHB Pat Young 0-0: Foul Ball, location: 2F
0-1: Swinging Strike
0-2: Ball
1-2: Ball
2-2: Strikes out looking
Bottom of the 5th over - 0 runs, 0 hits, 0 errors, 0 left on base; Oklahoma 0 - Florida State 3
TOP OF THE 6TH
Oklahoma Sooners batting - Pitching for Florida State Seminoles : LHP Perry Harris
Batting: RHB Michael Ray 0-0: Called Strike
0-1: Bunt missed!
0-2: Ground out 3-1 (Groundball, 34)
Batting: RHB Irving MacIntyre 0-0: Ball
1-0: Ball
2-0: Foul Ball, location: 2F
2-1: Ball
3-1: Foul Ball, location: 2F
3-2: Strikes out swinging
Batting: RHB Matt Snow 0-0: Foul Ball, location: 2F
0-1: Ground out 4-3 (Groundball, 4S)
Top of the 6th over - 0 runs, 0 hits, 0 errors, 0 left on base; Oklahoma 0 - Florida State 3
BOTTOM OF THE 6TH
Florida State Seminoles batting - Pitching for Oklahoma Sooners : RHP José Gabriel
Pitching: RHP Edgardo Rodríguez
Batting: LHB Millard Myers 0-0: Swinging Strike
0-1: Ball
1-1: Swinging Strike
1-2: Ball
2-2: Foul Ball, location: 2F
2-2: Ball
3-2: SINGLE (Line Drive, 8LS)
Batting: RHB Dave Roberts 0-0: Called Strike
0-1: Called Strike
0-2: Ball
1-2: Ball
2-2: Foul Ball, location: 2F
2-2: Foul Ball, location: 2F
2-2: Foul Ball, location: 2F
2-2: Ball
3-2: Base on Balls
Millard Myers to second
Batting: RHB Mark Willis 0-0: Called Strike
0-1: Ball
1-1: Swinging Strike
1-2: Ball
2-2: Foul Ball, location: 2F
2-2: Ball
3-2: Base on Balls
Millard Myers to third
Dave Roberts to second
Batting: RHB Harry Ray 0-0: Ball
1-0: Swinging Strike
1-1: Ball
2-1: Ball
3-1: Fielders Choice at 2nd, 4-6 (Groundball, 4)
Millard Myers scores
Dave Roberts to third
Batting: RHB Victor Whitfield 0-0: Called Strike
0-1: Ball
1-1: Foul Ball, location: 2F
1-2: Ball
2-2: Ball
3-2: Base on Balls
Harry Ray to second
Batting: LHB Connor Moss 0-0: SINGLE (Groundball, 6D)
Dave Roberts scores
Harry Ray to third
Victor Whitfield to second
Runner from 3rd tries for Home, throw and OUT!
Batting: RHB Bill Rice 0-0: Called Strike
0-1: Ground out 5-3 (Groundball, 56S)
Bottom of the 6th over - 2 runs, 2 hits, 0 errors, 2 left on base; Oklahoma 0 - Florida State 5
TOP OF THE 7TH
Oklahoma Sooners batting - Pitching for Florida State Seminoles : LHP Perry Harris
Batting: LHB Mark Smith 0-0: Swinging Strike
0-1: Called Strike
0-2: Ball
1-2: Ball
2-2: Ball
3-2: Strikes out swinging
Batting: RHB Bryant Caldwell 0-0: Ball
1-0: Foul Ball, location: 2F
1-1: Ball
2-1: Ball
3-1: Called Strike
3-2: SINGLE (Line Drive, 34D)
Pitching: RHP Tim Johnston
Batting: LHB Mark Watson 0-0: Ball
1-0: Foul Ball, location: 2F
1-1: Fly out, F8 (Flyball, 8RS)
Batting: RHB Sidney Boyd 0-0: Ball
1-0: Foul Ball, location: 2F
1-1: Ball
2-1: Ground out 6-3 (Groundball, 6S)
Top of the 7th over - 0 runs, 1 hit, 0 errors, 1 left on base; Oklahoma 0 - Florida State 5
BOTTOM OF THE 7TH
Florida State Seminoles batting - Pitching for Oklahoma Sooners : RHP Edgardo Rodríguez
Batting: LHB Paul Cotton 0-0: Foul Ball, location: 2F
0-1: Swinging Strike
0-2: Foul Ball, location: 2F
0-2: Ball
1-2: Foul Ball, location: 2F
1-2: Ball
2-2: Strikes out swinging
Batting: RHB Pat Young 0-0: Ball
1-0: Called Strike
1-1: SINGLE (Groundball, 6D)
Batting: LHB Millard Myers 0-0: Called Strike
0-1: Fly out, F5 (Popup, 5L)
Batting: RHB Dave Roberts 0-0: Ball
1-0: Ball
2-0: Ball
3-0: Foul Ball, location: 2F
3-1: Foul Ball, location: 2F
3-2: Foul Ball, location: 2F
3-2: Base on Balls
Pat Young to second
Pitching: RHP Dave Martínez
Batting: RHB Mark Willis 0-0: Ball
1-0: SINGLE (Groundball, 34D)
Pat Young to third
Dave Roberts to second
Runner from 3rd tries for Home, SAFE, no throw
Batting: RHB Harry Ray 0-0: Ball
1-0: Ball
2-0: Swinging Strike
2-1: Swinging Strike
Passed Ball!
Dave Roberts to third
Mark Willis to second
2-2: Strikes out swinging
Bottom of the 7th over - 1 run, 2 hits, 0 errors, 2 left on base; Oklahoma 0 - Florida State 6
TOP OF THE 8TH
Oklahoma Sooners batting - Pitching for Florida State Seminoles : RHP Tim Johnston
Batting: RHB Joe Daybell 0-0: Called Strike
0-1: Foul Ball, location: 2F
0-2: Ball
1-2: Ball
2-2: Ground out 4-3 (Groundball, 4)
Batting: RHB Ambrosio Hernández 0-0: Called Strike
0-1: Ball
1-1: Swinging Strike
1-2: Strikes out looking
Batting: RHB Michael Ray 0-0: Ball
1-0: Called Strike
1-1: Foul Ball, location: 2F
1-2: Strikes out looking
Top of the 8th over - 0 runs, 0 hits, 0 errors, 0 left on base; Oklahoma 0 - Florida State 6
BOTTOM OF THE 8TH
Florida State Seminoles batting - Pitching for Oklahoma Sooners : RHP Dave Martínez
Batting: RHB Victor Whitfield 0-0: Ball
1-0: Called Strike
1-1: Ball
2-1: Ground out 3-1 (Groundball, 34S)
Batting: LHB Connor Moss 0-0: Swinging Strike
0-1: Called Strike
0-2: Strikes out swinging
Batting: RHB Bill Rice 0-0: SINGLE (Groundball, 6MD)
Batting: LHB Paul Cotton 0-0: Called Strike
0-1: Swinging Strike
0-2: Ball
1-2: Ball
2-2: Ball
3-2: Foul Ball, location: 2F
3-2: Base on Balls
Bill Rice to second
Batting: RHB Pat Young 0-0: Foul Ball, location: 2F
0-1: Ball
1-1: Ball
2-1: Swinging Strike
2-2: Strikes out swinging
Bottom of the 8th over - 0 runs, 1 hit, 0 errors, 2 left on base; Oklahoma 0 - Florida State 6
TOP OF THE 9TH
Oklahoma Sooners batting - Pitching for Florida State Seminoles : RHP Tim Johnston
Batting: RHB Irving MacIntyre 0-0: Ball
1-0: Foul Ball, location: 2F
1-1: Foul Ball, location: 2F
1-2: Ball
2-2: Foul Ball, location: 2F
2-2: SINGLE (Groundball, 6D)
Batting: RHB Matt Snow 0-0: Ball
1-0: Ball
2-0: Called Strike
2-1: Ball
3-1: Foul Ball, location: 2F
3-2: Base on Balls
Irving MacIntyre to second
Batting: LHB Mark Smith 0-0: Ball
Wild Pitch!
Irving MacIntyre to third
Matt Snow to second
1-0: Ball
2-0: Ball
3-0: Base on Balls
Pitching: LHP Rubén López
Batting: RHB Bryant Caldwell 0-0: Ball
1-0: Foul Ball, location: 2F
1-1: Called Strike
1-2: Foul Ball, location: 2F
1-2: Fly out, F2 (Popup, 2RF)
Batting: LHB Mark Watson 0-0: Ball
1-0: Swinging Strike
1-1: Swinging Strike
1-2: Ball
2-2: Foul Ball, location: 2F
2-2: Ball
3-2: Strikes out swinging
Batting: RHB Sidney Boyd 0-0: Ball
1-0: Ball
2-0: Called Strike
2-1: Ball
3-1: Fielders Choice at 2nd, 6-4 (Groundball, 6)
Top of the 9th over - 0 runs, 1 hit, 0 errors, 3 left on base; Oklahoma 0 - Florida State 6
Saturday, December 16th, 2017 - OOTP Baseball 18.8 Build 76